 Dungeon Crawl Stone Soup version 0.26-a0-478-g6c97825307 (webtiles) character file.

Game seed: 533353297830923477

6169 Murumi the Thaumaturge (level 10, -8/53 HPs)
             Began as a Deep Elf Air Elementalist on Aug 1, 2020.
             Was a Priest of Sif Muna.
             Mangled by Jafeasm's ghost (14 damage)
             ... on level 9 of the Dungeon.
             The game lasted 01:09:35 (13567 turns).

Murumi the Thaumaturge (Deep Elf Air Elementalist) Turns: 13567, Time: 01:09:35

Health: -8/53      AC:  6    Str:  5    XL:     10   Next: 60%
Magic:  17/26      EV: 22    Int: 24    God:    Sif Muna [***...]
Gold:   381        SH:  0    Dex: 15    Spells: 19/29 levels left

rFire    . . .     SeeInvis +   B - +1 quarterstaff (speed)
rCold    . . .     Faith    .   (shield currently unavailable)
rNeg     . . .     Spirit   .   a - +0 robe
rPois    .         Reflect  .   n - +2 helmet
rElec    .         Harm     .   b - +0 cloak
rCorr    .                      (no gloves)
MR       +....                  (no boots)
Stlth    +++.......             (no amulet)
HPRegen  0.17/turn              v - +4 ring of evasion
MPRegen  0.20/turn              x - ring of see invisible

@: brilliant, swift, very quick
A: no striking features
a: Channel Magic, Forget Spell, Renounce Religion


You were on level 9 of the Dungeon.
You worshipped Sif Muna.
Sif Muna was most pleased with you.
You visited 2 branches of the dungeon, and saw 10 of its levels.

You collected 427 gold pieces.
You spent 46 gold pieces at shops.

Inventory:

Hand Weapons
 h - a +1 lajatang
 B - a +1 quarterstaff of speed (weapon)
Armour
 a - a +0 robe (worn)
 b - a +0 cloak (worn)
 n - a +2 helmet (worn)
Jewellery
 d - an uncursed ring of ice
 q - an uncursed ring of fire
 r - an uncursed ring of ice
 v - a +4 ring of evasion (left hand)
 w - an uncursed ring of fire
 x - a ring of see invisible (right hand)
 A - an uncursed amulet of guardian spirit
Wands
 u - a wand of clouds (12)
 y - a wand of flame (30)
 z - a wand of iceblast (9)
 C - a wand of polymorph (10)
Scrolls
 g - 4 scrolls of teleportation
 j - a scroll of blinking
 k - 5 scrolls of amnesia
 m - 3 scrolls of remove curse
 p - 4 scrolls of identify
 t - 2 scrolls of fear
 D - a scroll of magic mapping
Potions
 c - 2 potions of heal wounds
 e - 3 potions of flight
 f - 2 potions of mutation
 i - 3 potions of might
 l - 3 potions of stabbing
 s - 3 potions of curing
 E - a potion of ambrosia


   Skills:
 - Level 2.0 Fighting
 - Level 3.0 Staves
 - Level 2.0 Armour
 - Level 9.0 Dodging
 - Level 6.0 Stealth
 - Level 10.0 Spellcasting
 + Level 8.3 Conjurations
 - Level 7.0 Air Magic
 - Level 4.0 Invocations


You had 19 spell levels left.
You knew the following spells:

 Your Spells              Type           Power        Failure   Level
a - Shock                 Conj/Air       ####         1%          1
b - Swiftness             Air            ######..     1%          2
c - Static Discharge      Conj/Air       ######..     1%          3
d - Airstrike             Air            ######....   3%          4

Your spell library contained the following spells:

 Spells                   Type           Power        Failure   Level
 Lightning Bolt           Conj/Air       ######....   6%          5


Dungeon Overview and Level Annotations

Branches:
Dungeon (9/15)             Temple (1/1) D:4
   Lair: D:8-11         Orc: D:9-12

Altars:
Ashenzari
Cheibriados
Dithmenos
Elyvilon
Fedhas
Gozag
Hepliaklqana
Kikubaaqudgha
Makhleb
Nemelex Xobeh
Okawaru
Qazlal
Ru
Sif Muna
Trog
Uskayaw
Vehumet
Wu Jian
Xom
Yredelemnul
Zin
The Shining One

Shops:
D:4 ?   D:6 ?   D:7 [   D:9 *

Annotations:
D:9 Jafeasm's ghost, novice HOMo


Message History

Jafeasm's ghost is moderately damaged.
The zap hits the wraith!
You destroy the wraith!
Sif Muna accepts your kill.
Training target 7.0 for Air Magic reached!
Your Air Magic skill increases to level 7!
You need to enable at least one skill for training.
The zap hits the wraith but does no damage.
The wraith is lightly damaged.
The zap hits the wraith.
The wraith is almost destroyed.
The zap hits the wraith.
You destroy the wraith!
Sif Muna accepts your kill. Jafeasm's ghost hits you!
* * * LOW HITPOINT WARNING * * *
Casting: Shock (safe; 1% risk of failure)
Confirm with . or Enter, or press ? or * to list all spells.
You feel a surge of power!
You feel quick. Jafeasm's ghost hits you!
You die...

.................)...# #.#
.....................# #.#
..........######.....# #.#
..........# ####'########.#
..........# #..........##.#
######.#.## #..........##.# ###
#.#..## #..........##.# ..#
#.#...######.########.# ..#
#.......WWW@..# #.#
..#######'''#####..# #.#
..'...#......W#....#######.######
..######.....####...............#
..#####...W.[.# #...######.####.#
#.....##.$?$.## #...#### #.# #.#
#.....#..8.8..# #.....(# #.# #.#
#.....######### #..###.# #.# #.#
...........#..###..# #.# #.# #.#


You could see 2 wraiths and Jafeasm's ghost.

Vanquished Creatures
  A two-headed ogre (D:8)
  A troll (D:9)
  Grinder (D:6)
  2 hippogriffs
  6 yaks (D:9)
  2 wraiths (D:9)
  Menkaure (D:7)
  4 orc warriors
  A sky beast (D:7)
  4 phantoms
  4 ogres
  4 centaurs
  4 bullfrogs
  A scorpion (D:4)
  3 wights (D:7)
  A howler monkey (D:2)
  2 bullfrog zombies (D:5)
  A centaur zombie (D:9)
  A quasit (D:9)
  A jelly (D:7)
  3 hounds
  5 orc priests
  A centaur skeleton (D:8)
  A gnoll shaman (D:9)
  3 iguanas
  13 orc wizards
  5 worker ants
  A killer bee zombie (D:9)
  A hound skeleton (D:4)
  Robin (D:2)
  8 gnolls
  8 adders
  4 shadow imps
  A white imp (D:3)
  2 ufetubi (D:6)
  9 oozes
  2 adder skeletons
  2 adder zombies
  5 worms
  3 dart slugs
  3 leopard geckos
  29 orcs
  14 giant cockroaches
  17 goblins
  4 hobgoblins
  15 jackals
  8 kobolds
  A quokka (D:8)
  13 bats
  11 frilled lizards
  2 jackal zombies
  A leopard gecko skeleton (D:5)
  A quokka skeleton (D:5)
  A quokka zombie (D:5)
  6 rats
  A spectral orc (D:4)
250 creatures vanquished.

Notes
Turn   | Place    | Note
-------+----------+-------------------------------------------
     0 | D:1      | Murumi the Deep Elf Air Elementalist began the quest for
                  | the Orb.
     0 | D:1      | Reached XP level 1. HP: 10/10 MP: 6/6
     1 | D:1      | Found a runed translucent door.
   215 | D:1      | Reached XP level 2. HP: 15/15 MP: 5/8
   904 | D:1      | Reached skill level 4 in Spellcasting
   908 | D:1      | Learned a level 2 spell: Swiftness
   989 | D:1      | Reached XP level 3. HP: 19/19 MP: 7/10
  1145 | D:2      | Reached XP level 4. HP: 24/24 MP: 10/12
  1148 | D:2      | Reached skill level 1 in Fighting
  1441 | D:2      | Noticed a phantom
  1498 | D:2      | Killed a phantom
  1498 | D:2      | Reached skill level 1 in Armour
  1498 | D:2      | Reached XP level 5. HP: 11/29 MP: 0/14
  1632 | D:2      | Reached skill level 5 in Spellcasting
  2100 | D:2      | Found a bloodstained altar of Trog.
  2418 | D:2      | Noticed Robin
  2431 | D:2      | Killed Robin
  2678 | D:3      | Reached XP level 6. HP: 34/34 MP: 9/15
  3009 | D:3      | Reached skill level 5 in Dodging
  3060 | D:3      | Found a burning altar of Makhleb.
  3486 | D:4      | Reached skill level 6 in Spellcasting
  3586 | D:4      | Reached XP level 7. HP: 38/38 MP: 12/18
  3991 | D:4      | Reached skill level 7 in Spellcasting
  4138 | D:4      | Found Zuasiary's Magic Scroll Shop.
  4255 | D:4      | Found a staircase to the Ecumenical Temple.
  4269 | Temple   | Entered the Ecumenical Temple
  4277 | Temple   | Became a worshipper of Sif Muna the Loreminder
  4509 | D:4      | Found a basalt altar of Yredelemnul.
  4771 | D:5      | Entered Level 5 of the Dungeon
  5058 | D:5      | Reached skill level 5 in Conjurations
  5058 | D:5      | Reached skill level 1 in Invocations
  5624 | D:5      | Reached XP level 8. HP: 43/43 MP: 14/20
  5681 | D:5      | Found an opulent altar of Gozag.
  5865 | D:5      | Reached skill level 1 in Staves
  6663 | D:6      | Noticed Grinder
  6674 | D:6      | Paralysed by Grinder for 7 turns
  6682 | D:6      | Killed Grinder
  6682 | D:6      | Reached skill level 8 in Spellcasting
  6714 | D:6      | Found an ornate altar of the Wu Jian Council.
  6728 | D:6      | HP: 2/43 [bullfrog (4)]
  6875 | D:6      | Found a hide-covered altar of Uskayaw.
  6875 | D:6      | Found a sparkling altar of Nemelex Xobeh.
  6881 | D:6      | Found a stormy altar of Qazlal.
  7120 | D:6      | Reached * piety under Sif Muna
  7138 | D:6      | Found Ylaucon's Magic Scroll Shop.
  7146 | D:6      | Bought a scroll of noise for 11 gold pieces
  7397 | D:6      | Found a sacrificial altar of Ru.
  7420 | D:6      | Reached skill level 9 in Spellcasting
  7463 | D:6      | Reached XP level 9. HP: 29/48 MP: 11/24
  7807 | D:7      | Noticed Menkaure
  7819 | D:7      | Killed Menkaure
  8408 | D:7      | Found Resuroh's Armour Shop.
  8874 | D:7      | Reached skill level 5 in Stealth
  9119 | D:8      | Found a bloodstained altar of Trog.
  9132 | D:7      | Reached ** piety under Sif Muna
 10427 | D:8      | Noticed a two-headed ogre
 10867 | D:8      | Learned a level 3 spell: Static Discharge
 11140 | D:8      | Reached skill level 10 in Spellcasting
 11378 | D:8      | Killed a two-headed ogre
 11378 | D:8      | Reached XP level 10. HP: 23/53 MP: 13/26
 11879 | D:9      | Learned a level 4 spell: Airstrike
 12013 | D:9      | Found a runed translucent gate.
 12013 | D:9      | Found a runed translucent gate.
 12013 | D:9      | Found a runed translucent gate.
 12013 | D:9      | Noticed Jafeasm's ghost (novice HOMo)
 12394 | D:9      | Reached skill level 5 in Air Magic
 12694 | D:9      | Found Licidasa's General Store.
 12770 | D:9      | Bought a scroll of magic mapping for 35 gold pieces
 13232 | D:9      | Reached *** piety under Sif Muna
 13567 | D:9      | Mangled by Jafeasm's ghost

Illustrated notes

Levels and vault maps discovered:
D:1:      dpeg_arrival_caged_fury, layout_loops_ring, minmay_misc_feat_diagonals
D:2:      layout_loops_cross, bloody_trog, chequers_serial_rivers_micro_a,
          kennysheep_generic_room_10, uniq_robin
D:3:      layout_basic, makhleb_heckhound_becter
D:4:      layout_cave_pods, yredelemnul_forgotten_temple_becter, temple_pool_b,
          serial_shops, shop
D:5:      cheibrodos_barr_body, layout_layer_cave, grunt_gozag_breadcrumbs,
          minmay_holes
D:6:      layout_basic, grunt_temple_overflow_open, serial_shops,
          nicolae_shop_temple_entry_statues_fountains, nicolae_ru_awakened_eye,
          uniq_grinder
D:7:      layout_rooms, serial_shops, shop, nicolae_benzene_ring, uniq_menkaure
D:8:      layout_cave_pools, trog_three_pillars_becter
D:9:      layout_basic, gammafunk_ghost_spectres, serial_shops, shop,
          hangedman_decor_opposing
Temple:   eino_temple_lava

Skill      XL: |  1  2  3  4  5  6  7  8  9 10 |
---------------+-------------------------------+-----
Conjurations   | 2 3 4 5 6 8 |  8.3
Dodging        | 3 4 5 6 7 9 |  9.0
Spellcasting   | 4 5 6 7 9 10 | 10.0
Fighting       | 1 2 |  2.0
Armour         | 1 2 |  2.0
Stealth        | 3 4 5 6 |  6.0
Air Magic      | 4 7 |  7.0
Invocations    | 2 3 4 |  4.0
Staves         | 2 3 |  3.0

Action                   |  1- 3 |  4- 6 |  7- 9 | 10-12 || total
-------------------------+-------+-------+-------+-------++-------
Melee: Unarmed           |    18 |    10 |       |       ||    28
       Lajatang          |       |       |    26 |       ||    26
 Cast: Shock             |    59 |   167 |   445 |    94 ||   765
       Swiftness         |       |       |     4 |     3 ||     7
       Static Discharge  |       |       |     3 |    17 ||    20
       Airstrike         |       |       |       |     1 ||     1
  Use: Scroll            |     3 |     7 |    10 |     1 ||    21
       Potion            |       |       |     2 |     1 ||     3
 Stab: Sleeping          |     1 |       |       |       ||     1
       Distracted        |       |       |     1 |       ||     1
Armor: Robe              |    11 |     6 |    34 |     5 ||    56
Dodge: Dodged            |    33 |    37 |   185 |    48 ||   303

Table legend: (Time is in decaauts)
 A = Elapsed time spent in this place.
 B = Non-inter-level travel time spent in this place.
 C = Inter-level travel time spent in this place.
 D = Time resting spent in this place.
 E = Time spent auto-exploring this place.
 F = Levels seen in this place.
 G = Mean time per level.
                   A        B        C        D        E       F      G
               +--------+--------+--------+--------+--------+-----+--------+
         Total |  13583 |  12693 |    890 |   1221 |   9941 |  10 | 1358.3 |
       Dungeon |  13513 |  12641 |    872 |   1221 |   9890 |   9 | 1501.4 |
        Temple |     69 |     52 |     17 |      0 |     51 |   1 |   69.0 |
               +--------+--------+--------+--------+--------+-----+--------+

Top non-repeatable levels by time:
     D:7: 2537 daAuts
     D:9: 1601 daAuts
     D:5: 1592 daAuts
     D:8: 1536 daAuts
     D:2: 1458 daAuts
     D:6: 1447 daAuts
     D:4: 1283 daAuts
     D:1: 1202 daAuts
     D:3: 852 daAuts
  Temple: 69 daAuts
